 Dungeon Crawl Stone Soup version 0.25-a0-413-g3b4b6a4ccc (webtiles) character file.

Game seed: 13084166153184450781, levelgen mode: deterministic

45274 Borgoz the Fighter (level 14, -8/94 HPs)
             Began as a Gargoyle Gladiator on Jan 15, 2020.
             Was the Champion of Okawaru.
             Killed from afar by a steam dragon (18 damage)
             ... with a ball of steam
             ... on level 15 of the Dungeon.
             The game lasted 00:31:13 (16289 turns).

Borgoz the Fighter (Gargoyle Gladiator)            Turns: 16289, Time: 00:31:13

Health: -8/94      AC: 35    Str: 24    XL:     14   Next: 32%
Magic:  16/16      EV: 14    Int: 10    God:    Okawaru [******]
Gold:   244        SH:  0    Dex: 14    Spells: 13/13 levels left

rFire    . . .     SeeInvis +   a - +0 dire flail
rCold    . . .     Gourm    .   (shield currently unavailable)
rNeg     + . .     Faith    .   D - +7 chain mail of the Ban {+Fly Dex+2 SInv}
rPois    ∞         Spirit   .   d - +0 hat {MR+}
rElec    +         Reflect  .   o - scarf {cloud immunity}
rCorr    .         Harm     .   n - +0 pair of gloves {Str+3}
MR       +++..                  j - +2 pair of boots {Fly}
Stlth    ..........             t - amulet of regeneration
HPRegen  0.65/turn              s - ring of protection from magic
MPRegen  0.15/turn              (no ring)

@: very slightly contaminated, lightly drained
A: big wings, negative energy resistance 1, electricity resistance, unbreathing,
petrification resistance, rot immunity, AC +10
a: Fly, Heroism, Finesse, Renounce Religion, Evoke Flight


You were on level 15 of the Dungeon.
You worshipped Okawaru.
Okawaru was exalted by your worship.
You were not hungry.

You visited 2 branches of the dungeon, and saw 16 of its levels.

You collected 889 gold pieces.
You spent 645 gold pieces at shops.

Inventory:

Hand Weapons
 a - a +0 dire flail (weapon)
Armour
 d - a +0 hat of magic resistance (worn)
 j - a +2 pair of boots of flying (worn)
 n - a +0 pair of gloves of strength (worn)
 o - a scarf of cloud immunity (worn)
 B - a +1 pair of gloves of dexterity
 D - the +7 chain mail of the Ban (worn) {+Fly Dex+2 SInv}
   (You found it on level 12 of the Dungeon)

   It affects your dexterity (+2).
   It lets you see invisible.
   It lets you fly.
 I - the +0 chain mail of Sin {*Drain rPois rCorr Int+10}
   (Okawaru gifted it to you on level 14 of the Dungeon)

   It affects your intelligence (+10).
   It protects you from poison.
   It provides partial protection from all sources of acid and corrosion.
   It causes draining when unequipped.
Jewellery
 p - an uncursed amulet of guardian spirit
 s - a ring of protection from magic (left hand)
 t - an amulet of regeneration (around neck)
 G - an uncursed ring of fire
Wands
 k - a wand of acid (10)
 l - a wand of paralysis (12)
 q - a wand of scattershot (10)
 x - a wand of digging (6)
 y - a wand of iceblast (13)
Scrolls
 c - a scroll of enchant weapon {unknown}
 e - 5 scrolls of remove curse
 i - 2 scrolls of enchant armour
 m - a scroll of fear
 r - 2 scrolls of magic mapping
 v - a scroll of summoning {unknown}
 w - 2 scrolls of immolation
 z - 7 scrolls of teleportation
 C - a scroll of random uselessness {unknown}
 F - a scroll of fog
 H - a scroll of vulnerability {unknown}
 J - a scroll of noise {unknown}
Potions
 g - a potion of cancellation
 u - 2 potions of mutation
 A - 2 potions of might
 E - a potion of resistance
Comestibles
 b - 7 chunks of flesh
 f - 26 rations


   Skills:
 + Level 13.2(12.9) Fighting
 + Level 12.4(12.1) Maces & Flails
 - Level 1.8(1.5) Throwing
 + Level 13.0(12.7) Armour
 + Level 10.6(10.3) Dodging
 - Level 3.8(3.5) Invocations


You had 13 spell levels left.
You didn't know any spells.
Your spell library contained the following spells:

 Spells                   Type           Power        Failure   Level  Hunger
 Animate Skeleton         Necr           N/A          87%         1    ##.....
 Corona                   Hex            #......      87%         1    ##.....
 Infusion                 Chrm           #...         87%         1    ##.....
 Pain                     Necr           #...         87%         1    ##.....
 Sandblast                Erth           #.....       87%         1    ##.....
 Shock                    Conj/Air       #...         87%         1    ##.....
 Ensorcelled Hibernation  Hex/Ice        #.....       95%         2    ###....
 Shroud of Golubria       Chrm/Tloc      #.....       95%         2    ###....
 Swiftness                Chrm/Air       #.......     95%         2    ###....
 Confusing Touch          Hex            #.......     99%         3    ####...
 Dazzling Flash           Conj/Hex       #.....       99%         3    ####...
 Recall                   Summ/Tloc      N/A          99%         3    ####...
 Static Discharge         Conj/Air       #.......     99%         3    ####...
 Tukima's Dance           Hex            #.......     99%         3    ####...
 Vampiric Draining        Necr           #.........   99%         3    ####...
 Airstrike                Air            #.........   100%        4    #####..
 Animate Dead             Necr           N/A          100%        4    #####..
 Agony                    Necr           #.......     100%        5    ######.
 Aura of Abjuration       Summ           #.........   100%        5    ######.
 Bolt of Magma            Conj/Fire/Erth #.........   100%        5    ######.
 Borgnjor's Vile Clutch   Necr/Erth      #.........   100%        5    ######.
 Lightning Bolt           Conj/Air       #.........   100%        5    ######.
 Summon Demon             Summ           #.........   100%        5    ######.
 Summon Forest            Summ/Tloc      #.........   100%        5    ######.
 Summon Mana Viper        Hex/Summ       #.......     100%        5    ######.
 Deflect Missiles         Chrm/Air       #.........   100%        6    #######
 Shadow Creatures         Summ           N/A          100%        6    #######


Dungeon Overview and Level Annotations

Branches:
Dungeon (15/15)            Temple (1/1) D:5            Lair (0/6) D:9
    Orc (0/2) D:12         Vaults (0/5) D:14
 Depths: D:15

Altars:
Ashenzari
Cheibriados
Dithmenos
Elyvilon
Fedhas
Gozag
Hepliaklqana
Kikubaaqudgha
Makhleb
Nemelex Xobeh
Okawaru
Qazlal
Ru
Sif Muna
Trog
Uskayaw
Vehumet
Wu Jian
Xom
Yredelemnul
Zin
The Shining One
Beogh

Shops:
D:5 ([:[=   D:12 %


Innate Abilities, Weirdness & Mutations

You are resistant to torment.
Your stone body is resilient. (AC +10)
You are immune to poison.
Your large and strong wings let you fly indefinitely.
You resist negative energy. (rN+)
You are resistant to electric shocks. (rElec)
You can survive without breathing.
You are immune to petrification.
You are immune to rotting.


Message History

You feel like a meek peon again.
Your surroundings suddenly seem different.
A steam dragon comes into view.
The steam dragon hisses angrily.
A big kobold comes into view.
The big kobold shouts!
You hear a shout!
A big kobold comes into view. It is wielding a +0 short sword.
The big kobold throws a stone.
The stone barely misses you.
You hear a shout!
Found a stone and a leather armour.
You see here a stone.
You are too injured to fight recklessly!
You thump the steam dragon!
The steam dragon is heavily wounded.
The big kobold throws a stone.
The stone misses you.
You hit the steam dragon but do no damage.
The steam dragon is heavily wounded.
The steam dragon breathes steam at you. The ball of steam hits you!!
You die...

#............
#...........≈
#............
#..........##
#............
#...........≈
#....D.[.....
#(@....K..
#.(.....K.
#......###
#......#
.......#
........#
#........#
#........#
#...
#........#
######...


You could see a steam dragon and 2 big kobolds.

Vanquished Creatures
  Gastronok (D:9)
  7 vault guards (D:14)
  A hydra (D:10)
  A catoblepas (D:14)
  3 centaur warriors
  6 two-headed ogres
  3 death yaks (D:9)
  A tengu warrior (D:13)
  Urug (D:10)
  5 skeletal warriors (D:13)
  3 unseen horrors
  2 orc knights
  7 ugly things
  A wolf spider zombie (D:12)
  2 deep elf magi
  3 cyclopes
  A manticore (D:12)
  14 slime creatures
  Maurice (D:8)
  Psyche (D:9)
  3 gargoyles
  2 kobold demonologists
  A tengu conjurer (D:13)
  5 trolls
  2 dream sheep (D:10)
  2 hippogriffs
  Sigmund (D:2)
  2 wyverns
  A vampire (D:13)
  18 yaks
  2 wraiths
  Eustachio (D:4)
  A hungry ghost (D:12)
  2 vampire mosquitoes (D:14)
  2 hornet zombies
  6 orc warriors
  2 eyes of draining
  5 sky beasts
  2 necrophages
  4 ogres
  2 phantoms
  5 centaurs
  6 bullfrogs
  4 big kobolds
  A wyvern skeleton (D:9)
  5 scorpions
  6 howler monkeys
  5 centaur zombies
  2 bullfrog zombies (D:5)
  6 crimson imps
  A quasit (D:6)
  5 jellies
  3 hounds
  8 orc priests
  4 centaur skeletons
  An iguana (D:11)
  Jessica (D:1)
  4 bullfrog skeletons
  13 orc wizards
  A hell rat (D:9)
  13 worker ants
  A hound skeleton (D:8)
  2 worker ant zombies (D:5)
  Robin (D:2)
  A howler monkey skeleton (D:4)
  16 adders
  9 gnolls
  3 river rats (D:9)
  4 shadow imps
  An adder zombie (D:7)
  2 worms
  3 dart slugs
  13 leopard geckos
  51 orcs
  4 ball pythons
  4 giant cockroaches
  19 goblins
  17 hobgoblins
  10 jackals
  4 quokkas
  8 bats
  4 frilled lizards
  A jackal skeleton (D:5)
  21 kobolds
  A quokka skeleton (D:4)
  12 rats
436 creatures vanquished.

Vanquished Creatures (others)
  A shadow (D:14)
  An orc wizard (D:8)
2 creatures vanquished.

Grand Total: 438 creatures vanquished

Notes
Turn   | Place    | Note
-------+----------+-------------------------------------------
     0 | D:1      | Borgoz the Gargoyle Gladiator began the quest for the Orb.
     0 | D:1      | Reached XP level 1. HP: 12/12 MP: 1/1
    96 | D:1      | Reached XP level 2. HP: 18/18 MP: 2/2
   418 | D:1      | Reached skill level 1 in Armour
   609 | D:1      | Reached XP level 3. HP: 22/22 MP: 3/3
   793 | D:2      | Noticed Jessica
   804 | D:1      | Killed Jessica
   804 | D:1      | Reached XP level 4. HP: 25/27 MP: 4/4
  1128 | D:2      | Noticed Sigmund
  1430 | D:2      | Noticed Robin
  1615 | D:3      | Reached XP level 5. HP: 25/32 MP: 5/5
  2240 | D:4      | Noticed Eustachio
  2253 | D:4      | Reached XP level 6. HP: 30/38 MP: 6/6
  3331 | D:4      | Killed Eustachio
  3331 | D:4      | Reached XP level 7. HP: 44/44 MP: 7/7
  3550 | D:4      | Found an ancient bone altar of Kikubaaqudgha.
  3634 | D:4      | Identified Miox's Handbook of Lucky Earth
  3778 | D:2      | Killed Sigmund
  3780 | D:2      | Killed Robin
  3780 | D:2      | Reached skill level 5 in Maces & Flails
  4398 | D:5      | Entered Level 5 of the Dungeon
  4398 | D:5      | Found Pogiec's Weapon Emporium.
  4453 | D:5      | Reached skill level 5 in Fighting
  4457 | D:5      | Found Oher's Book Boutique.
  4487 | D:5      | Reached XP level 8. HP: 19/49 MP: 8/8
  4764 | D:5      | Found a snail-covered altar of Cheibriados.
  4767 | D:5      | Found Zeahu's Armour Shoppe.
  4787 | D:5      | Bought a +0 pair of gloves of strength for 161 gold pieces
  4852 | D:5      | Found Cifofaga's Antique Armour Shoppe.
  4923 | D:5      | Found a staircase to the Ecumenical Temple.
  4968 | Temple   | Entered the Ecumenical Temple
  5097 | Temple   | Became a worshipper of Warmaster Okawaru
  5179 | D:5      | Reached skill level 5 in Armour
  5291 | D:5      | Found Buatasef's Jewellery Emporium.
  5640 | D:6      | Reached skill level 5 in Dodging
  6016 | D:7      | Found an ornate altar of the Wu Jian Council.
  6022 | D:7      | Reached * piety under Okawaru
  6067 | D:7      | Reached XP level 9. HP: 51/56 MP: 7/9
  6221 | D:7      | Killed an unseen horror
  6221 | D:7      | Reached ** piety under Okawaru
  6897 | D:8      | Reached skill level 1 in Invocations
  7275 | D:9      | Noticed Psyche
  7279 | D:9      | Noticed Gastronok
  7304 | D:9      | Killed Psyche
  7326 | D:9      | Killed Gastronok
  7326 | D:9      | Reached *** piety under Okawaru
  7326 | D:9      | Reached **** piety under Okawaru
  7326 | D:9      | Reached XP level 10. HP: 23/64 MP: 3/12
  7570 | D:8      | Noticed a purple ugly thing
  7604 | D:8      | Killed a purple ugly thing
  7604 | D:8      | Reached ***** piety under Okawaru
  7818 | D:8      | Noticed Maurice
  7843 | D:8      | Killed Maurice
  7843 | D:8      | Received a gift from Okawaru
  8146 | D:9      | Found a stormy altar of Qazlal.
  8186 | D:9      | Found the +2 cloak of the Thief {+Fog Slay-2 SInv Stlth+}
  8301 | D:9      | Noticed a death yak
  8306 | D:9      | Noticed a death yak
  8307 | D:9      | Noticed a death yak
  8328 | D:9      | Killed a death yak
  8328 | D:9      | Reached XP level 11. HP: 37/71 MP: 5/13
  8729 | D:9      | Found a staircase to the Lair.
  8992 | D:10     | Entered Level 10 of the Dungeon
  9003 | D:10     | Received a gift from Okawaru
  9024 | D:10     | Noticed a two-headed ogre
  9033 | D:10     | Killed a two-headed ogre
  9456 | D:10     | Noticed Urug
  9490 | D:10     | Killed Urug
  9490 | D:10     | Received a gift from Okawaru
  9800 | D:10     | Noticed an orc knight
  9830 | D:10     | Killed an orc knight
 10193 | D:10     | Noticed a three-headed hydra
 10203 | D:10     | Killed a three-headed hydra
 10203 | D:10     | Received a gift from Okawaru
 10217 | D:10     | Reached skill level 10 in Fighting
 10363 | D:10     | Noticed a two-headed ogre
 10740 | D:9      | Killed a death yak
 10740 | D:9      | Received a gift from Okawaru
 10753 | D:9      | Killed a death yak
 10753 | D:9      | Reached skill level 10 in Armour
 10829 | D:5      | Bought an uncursed amulet of regeneration for 330 gold
                  | pieces
 10872 | D:5      | Bought a +0 hat of magic resistance for 154 gold pieces
 10955 | D:10     | Reached XP level 12. HP: 78/78 MP: 14/14
 10995 | D:10     | Reached skill level 10 in Maces & Flails
 11046 | D:10     | Killed a two-headed ogre
 11149 | D:10     | Got a faintly humming helmet
 11160 | D:10     | Identified the +1 helmet of Autumn {*Corrode MR+ Int+5}
                  | (You found it on level 10 of the Dungeon)
 12428 | D:12     | Found Fasch's Food Boutique.
 12586 | D:12     | Got a heavily runed chain mail
 12597 | D:12     | Identified the +7 chain mail of the Ban {+Fly Dex+2 SInv}
                  | (You found it on level 12 of the Dungeon)
 12619 | D:12     | Got a polished buckler
 12627 | D:12     | Identified the cursed -2 buckler of the Loofah {Int+6} (You
                  | found it on level 12 of the Dungeon)
 13015 | D:12     | Found a staircase to the Orcish Mines.
 13156 | D:12     | Received a gift from Okawaru
 13373 | D:12     | Found a roughly hewn altar of Beogh.
 13758 | D:13     | Found a blossoming altar of Fedhas.
 13761 | D:13     | Noticed a tengu warrior
 13797 | D:13     | Killed a tengu warrior
 13899 | D:13     | Found an iron altar of Okawaru.
 14014 | D:13     | Noticed a centaur warrior
 14040 | D:13     | Reached XP level 13. HP: 46/85 MP: 15/15
 15053 | D:14     | Reached ****** piety under Okawaru
 15080 | D:14     | Reached skill level 10 in Dodging
 15106 | D:14     | Received a gift from Okawaru
 15286 | D:14     | Received a gift from Okawaru
 15422 | D:14     | Noticed a vault guard
 15428 | D:14     | Noticed a vault guard
 15436 | D:14     | Killed a vault guard
 15438 | D:14     | Noticed a vault guard
 15447 | D:14     | Killed a vault guard
 15454 | D:14     | Killed a vault guard
 15459 | D:14     | Gained mutation: Your large and strong wings let you fly
                  | indefinitely. [Gargoyle growth]
 15459 | D:14     | Reached XP level 14. HP: 81/92 MP: 16/16
 15538 | D:14     | Received a gift from Okawaru
 15559 | D:14     | Got an encrusted chain mail {god gift}
 15610 | D:14     | Identified the +0 chain mail of Sin {*Drain rPois rCorr
                  | Int+10} (Okawaru gifted it to you on level 14 of the
                  | Dungeon)
 15753 | D:14     | Found a gate to the Vaults.
 16100 | D:15     | Entered Level 15 of the Dungeon
 16279 | D:15     | HP: 4/94 [efreet/bolt of fire (20)]
 16289 | D:15     | Killed from afar by a steam dragon

Levels and vault maps discovered:
D:1:      dpeg_arrival_pond, layout_basic
D:2:      layout_basic, uniq_jessica, uniq_sigmund, uniq_robin
D:3:      layout_rooms, first_ration
D:4:      layout_rooms, marbit_many_paths, uniq_eustachio
D:5:      layout_basic, minmay_temple_entry_statues_fountains, serial_shops,
          nicolae_shop_statue_plus, nicolae_shop_temple_entry_statues_fountains,
          kennysheep_mini, nicolae_shop_overgrown_old_shop, shop, basic_altar
D:6:      layout_cave_pools
D:7:      layout_basic, basic_altar
D:8:      layout_rooms, uniq_maurice
D:9:      layout_loops_ring, dpeg_lair_monsters, basic_altar, uniq_psyche,
          uniq_gastronok
D:10:     cheibrodos_orc_bank, layout_long_grid, hangedman_ranch
          [blue_anna_fruit_fields], kennysheep_kite_vault, uniq_urug
D:11:     layout_grid_maze, kennysheep_generic_room_3
D:12:     layout_cave_pods, minmay_orc_entry_temple_small, serial_shops, shop,
          serial_column_ruins, column_ruins_corridor_water,
          column_ruins_corridor_straight, column_ruins_open_small
D:13:     layout_long_grid, basic_altar, fedhas_altar_3
D:14:     layout_loops_ring, erik_vaults_2
D:15:     hangedman_depths_entry_try_elsewhere_first, layout_irregular_city,
          palyth_stone_intersect
Temple:   kilobyte_greek_temple

Skill      XL: |  1  2  3  4  5  6  7  8  9 10 11 12 13 14 |
---------------+-------------------------------------------+-----
Armour         | 1 2 3 4 5 7 8 10 11 12 13 | 13.0
Fighting       | 3 4 5 6 8 9 10 11 12 13 | 13.2
Dodging        | 3 4 5 6 7 8 9 10 | 10.6
Maces & Flails | 4 5 6 7 8 9 11 12 | 12.4
Invocations    | 3 |  3.8
Throwing       | |  1.8

Action                   |  1- 3 |  4- 6 |  7- 9 | 10-12 | 13-15 || total
-------------------------+-------+-------+-------+-------+-------++-------
Melee: Flail             |    88 |   214 |   258 |       |       ||   560
       Morningstar       |       |       |   275 |   172 |       ||   447
       Punch             |       |       |     2 |     1 |       ||     3
       Dire flail        |       |       |       |   737 |   649 ||  1386
Throw: Throwing net      |       |       |     1 |     3 |       ||     4
Invok: Heroism           |       |       |     2 |     9 |     7 ||    18
       Finesse           |       |       |       |     3 |     2 ||     5
 Abil: Stop Flying       |       |       |       |       |     1 ||     1
Evoke: Wand              |       |     1 |       |     7 |       ||     8
  Use: Potion            |       |     1 |     4 |     3 |     2 ||    10
       Scroll            |       |     4 |    10 |     6 |     6 ||    26
 Stab: Paralysed         |       |     5 |       |       |       ||     5
       Invisible         |       |       |     4 |       |       ||     4
       Held in net/web   |       |       |       |     2 |       ||     2
  Eat: Chunk             |       |     8 |    14 |    23 |     8 ||    53
Armor: Leather armour    |    16 |       |       |       |       ||    16
       Ring mail         |    27 |    69 |       |       |       ||    96
       Scale mail        |       |   136 |   401 |   371 |       ||   908
       Chain mail        |       |       |       |   167 |   292 ||   459
Dodge: Dodged            |    58 |   268 |   419 |   542 |   354 ||  1641

Table legend:
 A = Non-vault XP
 B = Vault XP
 C = Vault XP percentage of total XP
 D = Non-vault monster count
 E = Vault monster count
 F = Vault count percentage of total count
                 A         B        C        D         E       F
            +---------+---------+-------+---------+---------+-------
      Total |   44690 |   19988 |  30.9 |     352 |      86 |  19.6
            +---------+---------+-------+---------+---------+-------
        D:1 |      49 |      37 |  43.0 |      28 |       1 |   3.4
        D:2 |     108 |     262 |  70.8 |      31 |      14 |  31.1
        D:3 |     197 |       0 |   0.0 |      34 |       0 |   0.0
        D:4 |     115 |     198 |  63.3 |       6 |       2 |  25.0
        D:5 |     731 |       0 |   0.0 |      26 |       0 |   0.0
        D:6 |     458 |       0 |   0.0 |      15 |       0 |   0.0
        D:7 |    1299 |       0 |   0.0 |      21 |       0 |   0.0
        D:8 |    2027 |     445 |  18.0 |      20 |       1 |   4.8
        D:9 |     843 |    5151 |  85.9 |      19 |      12 |  38.7
       D:10 |    1685 |    6613 |  79.7 |      12 |      39 |  76.5
       D:11 |    2403 |      90 |   3.6 |      23 |       1 |   4.2
       D:12 |    6224 |     266 |   4.1 |      33 |       9 |  21.4
       D:13 |   11567 |       0 |   0.0 |      32 |       0 |   0.0
       D:14 |   12879 |    6926 |  35.0 |      38 |       7 |  15.6
       D:15 |    4105 |       0 |   0.0 |      14 |       0 |   0.0
            +---------+---------+-------+---------+---------+-------
